3R
GREENPORT HARBOR WHALES @ MAINE SEA DOGS
07/13/2042
 
TOP OF THE 1ST
Greenport Harbor Whales batting - Pitching for Maine Sea Dogs : LHP Christiansen Chemnitz
Pitching: LHP Christiansen Chemnitz
Batting: RHB Alex Thompson 0-0: Reached on error, E6 (Groundball, 56, EV 103.8 MPH)
Batting: RHB Mariano Cabral 0-0: Ball
1-0: DOUBLE (Flyball, 89D, EV 106.9 MPH)
Alex Thompson scores
Batting: LHB Albert Hanson 0-0: Called Strike
0-1: Foul Ball, location: 2F
0-2: Ball
1-2: Foul Ball, location: 2F
1-2: Ball
2-2: SINGLE (Line Drive, 9S, EV 103.1 MPH)
Mariano Cabral to third
Runner from 3rd tries for Home, throw by RF and OUT! 9-2
Batting: LHB Rafael Rea 0-0: Swinging Strike
0-1: Foul Ball, location: 2F
0-2: Ball
1-2: Strikes out looking
Batting: RHB Robert Robinson 0-0: Ball
1-0: Called Strike
1-1: Swinging Strike
1-2: Foul Ball, location: 2F
1-2: Foul Ball, location: 2F
1-2: Fly out, F8 (Flyball, 8RXD, EV 95.0 MPH)
Top of the 1st over - 1 run, 2 hits, 1 error, 1 left on base; Greenport 1 - Maine 0
BOTTOM OF THE 1ST
Maine Sea Dogs batting - Pitching for Greenport Harbor Whales : LHP Iwan Vroom
Pitching: LHP Iwan Vroom
Batting: SHB Cristóbal Calzacorta 0-0: Ball
1-0: DOUBLE (Line Drive, 7LD, EV 106.9 MPH)
Batting: RHB Phil Hogan 0-0: Called Strike
0-1: Ground out 1-3 (Groundball, 34S, EV 62.5 MPH)
Cristóbal Calzacorta to third
Batting: RHB Joe Fuller 0-0: Called Strike
0-1: Ball
1-1: Ball
2-1: SINGLE (Groundball, 5, EV 92.5 MPH) (infield hit)
Cristóbal Calzacorta scores
Batting: SHB José Santos 0-0: Called Strike
0-1: Fly out, F7 (Flyball, 7LS, EV 88.8 MPH)
Batting: RHB Rutger McGroarty 0-0: Foul Ball, location: 2F
0-1: Ball
1-1: Called Strike
1-2: Foul Ball, location: 2F
1-2: Fly out, F6 (Popup, 6, EV 61.2 MPH)
Bottom of the 1st over - 1 run, 2 hits, 0 errors, 1 left on base; Greenport 1 - Maine 1
TOP OF THE 2ND
Greenport Harbor Whales batting - Pitching for Maine Sea Dogs : LHP Christiansen Chemnitz
Batting: RHB Andrew Rijerkerk 0-0: Called Strike
0-1: Ground out 4-3 (Groundball, 34D, EV 111.2 MPH)
Batting: LHB Fabian Ekkel 0-0: Ball
1-0: Foul Ball, location: 2F
1-1: Ball
2-1: Foul Ball, location: 2F
2-2: Foul Ball, location: 2F
2-2: Fly out, F8 (Flyball, 8RM, EV 87.5 MPH)
Batting: RHB Vicente Mendoza 0-0: Called Strike
0-1: Foul Ball, location: 2F
0-2: Foul Ball, location: 2F
0-2: Strikes out swinging
Top of the 2nd over - 0 runs, 0 hits, 0 errors, 0 left on base; Greenport 1 - Maine 1
BOTTOM OF THE 2ND
Maine Sea Dogs batting - Pitching for Greenport Harbor Whales : LHP Iwan Vroom
Batting: LHB Bill Fisher 0-0: Ball
1-0: Foul Ball, location: 2F
1-1: Ball
2-1: Fly out, F7 (Flyball, 7, EV 85.6 MPH)
Batting: RHB Javier Carrodeguas 0-0: Ground out U3 (Groundball, 3, EV 103.8 MPH)
Batting: RHB Michael Weber 0-0: Ball
1-0: Ball
2-0: Foul Ball, location: 2F
2-1: Ball
3-1: Base on Balls
Batting: RHB Lenny Taunton 0-0: Ball
1-0: Fly out, F8 (Line Drive, 8LM, EV 90.0 MPH)
Bottom of the 2nd over - 0 runs, 0 hits, 0 errors, 1 left on base; Greenport 1 - Maine 1
TOP OF THE 3RD
Greenport Harbor Whales batting - Pitching for Maine Sea Dogs : LHP Christiansen Chemnitz
Batting: LHB Davis Davenport 0-0: Ball
1-0: Fly out, F5 (Popup, 5SF, EV 75.0 MPH)
Batting: RHB Alex Thompson 0-0: Ball
1-0: Ball
2-0: Called Strike
2-1: Swinging Strike
2-2: Ground out 6-3 (Groundball, 6, EV 100.6 MPH)
Batting: RHB Mariano Cabral 0-0: Ball
1-0: Called Strike
1-1: Ground out 1-3 (Groundball, 13S, EV 71.9 MPH)
Top of the 3rd over - 0 runs, 0 hits, 0 errors, 0 left on base; Greenport 1 - Maine 1
BOTTOM OF THE 3RD
Maine Sea Dogs batting - Pitching for Greenport Harbor Whales : LHP Iwan Vroom
Batting: SHB Cristóbal Calzacorta 0-0: Ball
1-0: Ball
2-0: Ball
3-0: Called Strike
3-1: Swinging Strike
3-2: Strikes out swinging
Batting: RHB Phil Hogan 0-0: Ball
1-0: DOUBLE (Flyball, 89D, EV 86.9 MPH)
Batting: RHB Joe Fuller 0-0: Ball
1-0: Ball
2-0: Foul Ball, location: 2F
2-1: SINGLE (Groundball, 34D, EV 105.0 MPH)
Phil Hogan to third
Runner from 3rd tries for Home, SAFE, throw by RF to home
Batting: SHB José Santos 0-0: Grounds into double play, 6-4-3 (Groundball, 6, EV 80.0 MPH)
Bottom of the 3rd over - 1 run, 2 hits, 0 errors, 0 left on base; Greenport 1 - Maine 2
TOP OF THE 4TH
Greenport Harbor Whales batting - Pitching for Maine Sea Dogs : LHP Christiansen Chemnitz
Batting: LHB Albert Hanson 0-0: Called Strike
0-1: Swinging Strike
0-2: Ball
1-2: Ball
2-2: Strikes out swinging
Batting: LHB Rafael Rea 0-0: Ground out 5-3 (Groundball, 5, EV 89.4 MPH)
Batting: RHB Robert Robinson 0-0: Ball
1-0: Foul Ball, location: 2F
1-1: Foul Ball, location: 2F
1-2: Foul Ball, location: 2F
1-2: Ground out 6-3 (Groundball, 6M, EV 91.9 MPH)
Top of the 4th over - 0 runs, 0 hits, 0 errors, 0 left on base; Greenport 1 - Maine 2
BOTTOM OF THE 4TH
Maine Sea Dogs batting - Pitching for Greenport Harbor Whales : LHP Iwan Vroom
Batting: RHB Rutger McGroarty 0-0: Fly out, F8 (Flyball, 8LS, EV 81.2 MPH)
Batting: LHB Bill Fisher 0-0: Foul Ball, location: 2F
0-1: Called Strike
0-2: Ball
1-2: Foul Ball, location: 2F
1-2: Ball
2-2: Foul Ball, location: 2F
2-2: Foul Ball, location: 2F
2-2: TRIPLE (Line Drive, 9LD, EV 104.4 MPH)
Batting: RHB Javier Carrodeguas 0-0: Called Strike
0-1: SINGLE (Line Drive, 6D, EV 95.6 MPH)
Bill Fisher scores
Batting: RHB Michael Weber 0-0: Ball
1-0: Ball
2-0: Ball
3-0: Called Strike
3-1: Base on Balls
Javier Carrodeguas to second
Batting: RHB Lenny Taunton 0-0: Ball
1-0: SINGLE (Groundball, 56D, EV 101.9 MPH)
Javier Carrodeguas to third
Michael Weber to second
Batting: SHB Cristóbal Calzacorta 0-0: Foul Ball, location: 2F
0-1: Swinging Strike
0-2: Ball
1-2: Strikes out swinging
Batting: RHB Phil Hogan 0-0: Ball
1-0: Ball
2-0: Called Strike
2-1: Ball
3-1: Base on Balls
Javier Carrodeguas scores
Michael Weber to third
Lenny Taunton to second
Batting: RHB Joe Fuller 0-0: Called Strike
0-1: Ball
1-1: Ball
2-1: Ball
3-1: Foul Ball, location: 2F
3-2: Foul Ball, location: 2F
3-2: Foul Ball, location: 2F
3-2: TRIPLE (Flyball, 9D, EV 95.6 MPH)
Michael Weber scores
Lenny Taunton scores
Phil Hogan scores
Pitching: LHP Frans Alkemade
Batting: SHB José Santos 0-0: Ball
Wild Pitch!
Joe Fuller scores
1-0: Fly out, F8 (Line Drive, 8LM, EV 97.5 MPH)
Bottom of the 4th over - 6 runs, 4 hits, 0 errors, 0 left on base; Greenport 1 - Maine 8
TOP OF THE 5TH
Greenport Harbor Whales batting - Pitching for Maine Sea Dogs : LHP Christiansen Chemnitz
Batting: RHB Andrew Rijerkerk 0-0: Fly out, F3 (Popup, 3S, EV 66.9 MPH)
Batting: LHB Fabian Ekkel 0-0: Called Strike
0-1: Ball
1-1: Ground out 4-3 (Groundball, 4S, EV 85.6 MPH)
Batting: RHB Vicente Mendoza 0-0: Ball
1-0: Ball
2-0: Ball
3-0: Called Strike
3-1: Fly out, F7 (Flyball, 7S, EV 89.4 MPH)
Top of the 5th over - 0 runs, 0 hits, 0 errors, 0 left on base; Greenport 1 - Maine 8
BOTTOM OF THE 5TH
Maine Sea Dogs batting - Pitching for Greenport Harbor Whales : LHP Frans Alkemade
Batting: RHB Rutger McGroarty 0-0: Ball
1-0: Called Strike
1-1: Ball
2-1: Ground out 5-3 (Groundball, 56S, EV 85.0 MPH)
Batting: LHB Bill Fisher 0-0: Called Strike
0-1: Foul Ball, location: 2F
0-2: Ball
1-2: Foul Ball, location: 2F
1-2: Ball
2-2: Ball
3-2: Foul Ball, location: 2F
3-2: Ground out 5-3 (Groundball, 56S, EV 70.0 MPH)
Batting: RHB Javier Carrodeguas 0-0: Ball
1-0: Called Strike
1-1: Ball
2-1: Ball
3-1: SINGLE (Line Drive, 9S, EV 108.8 MPH)
Batting: RHB Michael Weber 0-0: Swinging Strike
0-1: Ball
1-1: Foul Ball, location: 2F
1-2: Strikes out swinging
Bottom of the 5th over - 0 runs, 1 hit, 0 errors, 1 left on base; Greenport 1 - Maine 8
TOP OF THE 6TH
Greenport Harbor Whales batting - Pitching for Maine Sea Dogs : LHP Christiansen Chemnitz
Batting: LHB Davis Davenport 0-0: Ball
1-0: Called Strike
1-1: Called Strike
1-2: Strikes out swinging
Batting: RHB Alex Thompson 0-0: Called Strike
0-1: Foul Ball, location: 2F
0-2: Strikes out looking
Batting: RHB Mariano Cabral 0-0: Ball
1-0: Foul Ball, location: 2F
1-1: Foul Ball, location: 2F
1-2: Foul Ball, location: 2F
1-2: Fly out, F3 (Popup, 3S, EV 82.5 MPH)
Top of the 6th over - 0 runs, 0 hits, 0 errors, 0 left on base; Greenport 1 - Maine 8
BOTTOM OF THE 6TH
Maine Sea Dogs batting - Pitching for Greenport Harbor Whales : LHP Frans Alkemade
Batting: RHB Lenny Taunton 0-0: Foul Ball, location: 2F
0-1: Ball
1-1: Swinging Strike
1-2: Foul Ball, location: 2F
1-2: Fly out, F4 (Popup, 34S, EV 81.2 MPH)
Batting: SHB Cristóbal Calzacorta 0-0: Ball
1-0: Ball
2-0: Foul Ball, location: 2F
2-1: Ground out 2-3 (Groundball, 2R, EV 73.8 MPH)
Batting: RHB Phil Hogan 0-0: Ball
1-0: Foul Ball, location: 2F
1-1: Called Strike
1-2: Fly out, F8 (Flyball, 8RXD, EV 73.8 MPH)
Bottom of the 6th over - 0 runs, 0 hits, 0 errors, 0 left on base; Greenport 1 - Maine 8
TOP OF THE 7TH
Greenport Harbor Whales batting - Pitching for Maine Sea Dogs : LHP Christiansen Chemnitz
Batting: LHB Albert Hanson 0-0: Ball
1-0: Foul Ball, location: 2F
1-1: Ball
2-1: Fly out, F7 (Line Drive, 7, EV 96.9 MPH)
Batting: LHB Rafael Rea 0-0: Ball
1-0: Swinging Strike
1-1: Ball
2-1: SINGLE (Line Drive, 9S, EV 99.4 MPH)
Batting: RHB Robert Robinson 0-0: Called Strike
0-1: Called Strike
0-2: Strikes out swinging
Batting: RHB Andrew Rijerkerk 0-0: Fielders Choice at 2nd, 5-4 (Groundball, 56, EV 101.9 MPH)
Top of the 7th over - 0 runs, 1 hit, 0 errors, 1 left on base; Greenport 1 - Maine 8
BOTTOM OF THE 7TH
Maine Sea Dogs batting - Pitching for Greenport Harbor Whales : LHP Frans Alkemade
Batting: RHB Joe Fuller 0-0: Foul Ball, location: 2F
0-1: Ball
1-1: SINGLE (Line Drive, 34D, EV 95.6 MPH)
Batting: SHB José Santos 0-0: Fly out, F9 (Flyball, 89M, EV 92.5 MPH)
Batting: RHB Rutger McGroarty 0-0: Fly out, F9 (Flyball, 9LSF, EV 88.1 MPH)
Batting: LHB Bill Fisher 0-0: Called Strike
0-1: Swinging Strike
0-2: Strikes out looking
Bottom of the 7th over - 0 runs, 1 hit, 0 errors, 1 left on base; Greenport 1 - Maine 8
TOP OF THE 8TH
Greenport Harbor Whales batting - Pitching for Maine Sea Dogs : LHP Christiansen Chemnitz
Batting: LHB Fabian Ekkel 0-0: Fly out, F7 (Flyball, 7LS, EV 85.0 MPH)
Batting: RHB Vicente Mendoza 0-0: Called Strike
0-1: Fly out, F7 (Flyball, 7LM, EV 90.0 MPH)
Batting: LHB Davis Davenport 0-0: Ball
1-0: Ball
2-0: Foul Ball, location: 2F
2-1: Ball
3-1: Ground out 4-3 (Groundball, 4, EV 106.2 MPH)
Top of the 8th over - 0 runs, 0 hits, 0 errors, 0 left on base; Greenport 1 - Maine 8
BOTTOM OF THE 8TH
Maine Sea Dogs batting - Pitching for Greenport Harbor Whales : LHP Frans Alkemade
Batting: RHB Javier Carrodeguas 0-0: Ball
1-0: Foul Ball, location: 2F
1-1: Ball
2-1: Foul Ball, location: 2F
2-2: Strikes out swinging, 2-3 out at first.
Batting: RHB Michael Weber 0-0: Called Strike
0-1: Swinging Strike
0-2: Ball
1-2: Foul Ball, location: 2F
1-2: Ball
2-2: Fly out, F6 (Popup, P, EV 73.8 MPH)
Batting: RHB Lenny Taunton 0-0: Swinging Strike
0-1: Ball
1-1: Ball
2-1: Ground out 6-3 (Groundball, 56, EV 86.2 MPH)
Bottom of the 8th over - 0 runs, 0 hits, 0 errors, 0 left on base; Greenport 1 - Maine 8
TOP OF THE 9TH
Greenport Harbor Whales batting - Pitching for Maine Sea Dogs : LHP Christiansen Chemnitz
Batting: RHB Alex Thompson 0-0: Called Strike
0-1: SINGLE (Groundball, 15, EV 71.9 MPH) (infield hit)
Batting: RHB Mariano Cabral 0-0: Ball
1-0: Swinging Strike
1-1: Swinging Strike
1-2: Strikes out swinging
Batting: LHB Albert Hanson 0-0: Ball
1-0: Ball
2-0: Ball
3-0: Called Strike
3-1: Reached on error, E3 (Groundball, 3, EV 85.6 MPH)
Alex Thompson to second
Pitching: LHP Dan Woods
Batting: LHB Rafael Rea 0-0: Ball
1-0: Foul Ball, location: 2F
1-1: Ball
2-1: Swinging Strike
2-2: Foul Ball, location: 2F
2-2: Ball
3-2: Base on Balls
Alex Thompson to third
Albert Hanson to second
Batting: RHB Robert Robinson 0-0: Ball
1-0: Ball
2-0: Called Strike
2-1: Ball
3-1: Foul Ball, location: 2F
3-2: Foul Ball, location: 2F
3-2: Base on Balls
Alex Thompson scores
Albert Hanson to third
Rafael Rea to second
Batting: RHB Andrew Rijerkerk 0-0: Ball
1-0: Grounds into double play, 4-6-3 (Groundball, 4, EV 94.4 MPH)
Top of the 9th over - 1 run, 1 hit, 1 error, 2 left on base; Greenport 2 - Maine 8
Friday, March 26th, 2021 - OOTP Baseball 20.8 Build 74